 Dungeon Crawl Stone Soup version 0.29.1-15-g9cfb28693d (webtiles) character file.

Game seed: 17535943259541023940

56 BabyfaceFinlayson the Insei (level 3, -7/26 HPs)
             Began as a Merfolk Transmuter on Feb 22, 2023.
             Mangled by Sigmund
             ... wielding a +0 scythe
              (8 damage)
             ... on level 2 of the Dungeon.
             The game lasted 00:04:34 (2037 turns).

BabyfaceFinlayson the Insei (Merfolk Transmuter)    Turns: 2037, Time: 00:04:35

Health: -7/26      AC:  2    Str: 10    XL:     3   Next: 95%
Magic:  6/7        EV: 13    Int: 14    God:
Gold:   58         SH:  0    Dex: 14    Spells: 1/7 levels left

rFire   . . .      SeeInvis .     - Unarmed
rCold   . . .      Faith    .   (no shield)
rNeg    . . .      Spirit   .   a - +0 robe
rPois   .          Reflect  .   (helmet currently unavailable)
rElec   .          Harm     .   (no cloak)
rCorr   .          Rampage  .   (no gloves)
Will    .....                   (boots currently unavailable)
Stlth   +.........              (no amulet)
HPRegen 0.08/turn               (no ring)
MPRegen 0.10/turn               (no ring)

@: confused, mighty, brilliant, appendages
A: horns 2, (nimble swimmer 2), mertail
a: End Transformation


You were on level 2 of the Dungeon.
You had temporarily grown beastly horns.
You visited 1 branch of the dungeon, and saw 2 of its levels.

You collected 58 gold pieces.

Inventory:

Armour
 a - a +0 robe (worn)
Magical Staves
 d - a staff of poison
Scrolls
 e - a scroll of teleportation {unknown}
 g - a scroll of enchant armour {unknown}
Potions
 b - a potion of lignification
 f - a potion of invisibility {unknown}
 h - a potion of curing {unknown}


   Skills:
 + Level 1.5 Fighting
 + Level 3.1 Dodging
 + Level 3.7 Unarmed Combat
 + Level 2.7 Spellcasting
 + Level 3.4 Transmutations


You had one spell level left.
You knew the following spells:

 Your Spells              Type           Power      Damage    Failure   Level
a - Beastly Appendage     Tmut           34%        N/A       5%          1
b - Wereblood             Tmut           17%        N/A       9%          2
c - Spider Form           Tmut/Pois      10%        N/A       32%         3

Your spell library contained the following spells:

 Spells                   Type           Power      Damage    Failure   Level
 Ice Form                 Ice/Tmut       10%        N/A       71%         4


Dungeon Overview and Level Annotations

Branches:
Dungeon (2/15)

Altars:

Annotations:
D:2 Sigmund


Innate Abilities, Weirdness & Mutations

You have temporarily grown beastly horns.
((You are very nimble when in or above water. (Stealth+, EV+, Speed+++)))
Your lower body shifts to a powerful aquatic tail in water.


Message History

Sigmund shouts!
Sigmund gestures at you while chanting.
You are confused.
You're too confused to move!
You bump into the rock wall.
Your horns disappear.
You are too confused!
It was a potion of might.
You feel very mighty all of a sudden.
A giant cockroach comes into view.
Sigmund flickers, as though insubstantial.
You feel less confused. Sigmund gestures at you while chanting.
The magic dart hits you.
Casting: Beastly Appendage (safe; 5% risk of failure)
Confirm with . or Enter, or press ? or * to list all spells.
You grow a pair of large bovine horns.
Sigmund barely misses you.
Casting: Beastly Appendage (safe; 5% risk of failure)
Confirm with . or Enter, or press ? or * to list all spells.
You fail to extend your transformation any further.
Sigmund closely misses you.
You punch Sigmund!
Sigmund is moderately wounded.
Sigmund barely misses you.
You punch Sigmund! Your headbutt misses Sigmund.
Sigmund is severely wounded.
Sigmund gestures wildly while chanting.
Sigmund flickers and vanishes!
Deactivating autopickup; reactivate with Ctrl-A.
You completely miss something. Something hits you.
You hit something. You barely miss something.
You hear some strange, mumbled words.
You are confused.
Something hits you. Something hits you!
* * * LOW HITPOINT WARNING * * *
It was a potion of brilliance.
You feel clever all of a sudden. Something hits you!
You die...

.........##..##..#
#.
.#######.........#
#. #.###.### #.
.######.###.# #.
............# ##
#######.##### #.#
#..#######.#
#....B{@...#
#.##########


You could see a giant cockroach.

Vanquished Creatures
  An adder (D:2)
  2 worms
  A dart slug (D:1)
  6 bats
  4 endoplasms
  3 giant cockroaches (D:1)
  2 goblins (D:1)
  3 hobgoblins (D:1)
  2 quokkas (D:1)
  3 ball pythons
  2 frilled lizards (D:2)
  5 kobolds
  2 rats
36 creatures vanquished.

Notes
Turn   | Place    | Note
-------+----------+-------------------------------------------
     0 | D:1      | BabyfaceFinlayson the Merfolk Transmuter began the quest
                  | for the Orb.
     0 | D:1      | Reached XP level 1. HP: 15/15 MP: 3/3
    67 | D:1      | Found a faded altar of an unknown god.
   459 | D:1      | Reached XP level 2. HP: 21/21 MP: 3/5
   462 | D:1      | Learned a level 2 spell: Wereblood
   955 | D:1      | Reached XP level 3. HP: 25/26 MP: 3/6
   959 | D:1      | Learned a level 3 spell: Spider Form
  2020 | D:2      | Noticed Sigmund
  2035 | D:2      | HP: 1/26 [something (11)]
  2037 | D:2      | Mangled by Sigmund

Illustrated notes

Levels and vault maps discovered:
D:1:      nzn_arrival_depleted_hourglass, layout_basic, basic_ecumenical_altar
D:2:      layout_loops_corners, minmay_tromino_v4_a, uniq_crazy_yiuf_cottage,
          uniq_sigmund, uniq_terence, uniq_natasha

Skill      XL: |  1  2  3 |
---------------+----------+-----
Transmutations | 3 |  3.4
Dodging        | 3 |  3.1
Fighting       | |  1.5
Unarmed Combat | |  3.7
Spellcasting   | |  2.7

Action                   || total
-------------------------++-------
Melee: Unarmed           ||   115
       Headbutt          ||    22
       Punch             ||     3
 Cast: Beastly Appendage ||    26
       Wereblood         ||     3
  Use: Scroll            ||     2
       Potion            ||     2
Armor: Robe              ||    29
Dodge: Dodged            ||    88
